 Dungeon Crawl Stone Soup version 0.29.1-2-gbd0b4ee654 (webtiles) character file.

Game seed: 314690219576739350

136 croobank the Insei (level 5, -6/34 HPs)
             Began as an Octopode Transmuter on Nov 19, 2022.
             Mangled by Crazy Yiuf
             ... wielding a +2 quarterstaff of chaos
              (8 damage)
             ... on level 3 of the Dungeon.
             The game lasted 00:06:55 (3225 turns).

croobank the Insei (Octopode Transmuter)            Turns: 3225, Time: 00:06:56

Health: -6/34      AC:  1    Str:  9    XL:     5   Next: 19%
Magic:  6/9        EV: 13    Int: 17    God:
Gold:   99         SH:  0    Dex: 13    Spells: 3/9 levels left

rFire   . . .      SeeInvis .   k - +4 hand axe (flame)
rCold   . . .      Faith    .   (no shield)
rNeg    . . .      Spirit   .   (helmet currently unavailable)
rPois   .          Reflect  .   (no amulet)
rElec   .          Harm     .   (no ring)
rCorr   .          Rampage  .   (no ring)
Will    .....                   (no ring)
Stlth   ++........              (no ring)
HPRegen 0.11/turn               (no ring)
MPRegen 0.11/turn               (no ring)
                                (no ring)
                                (no ring)

@: appendages, wereblooded
A: tentacle spike 3, almost no armour, amphibious, 8 rings, camouflage 1,
gelatinous body 1, (nimble swimmer 1), tentacles
a: End Transformation


You were on level 3 of the Dungeon.
One of your tentacles had grown a beastly spike.
You visited 1 branch of the dungeon, and saw 3 of its levels.

You collected 196 gold pieces.
You spent 97 gold pieces at shops.

Inventory:

Hand Weapons
 a - a +1 dagger of draining
 k - a +4 hand axe of flaming (weapon)
Missiles
 h - 2 javelins
Magical Staves
 j - a staff of conjuration
 l - a staff of poison
Jewellery
 b - a ring of protection from cold
Wands
 c - a wand of flame (22)
Scrolls
 g - a scroll of noise {unknown}
 i - 2 scrolls of fear
 n - 2 scrolls of fog {unknown}
Potions
 d - a potion of mutation
 e - 3 potions of curing
 f - a potion of brilliance


   Skills:
 + Level 2.2 Fighting
 + Level 2.8 Dodging
 + Level 3.7 Unarmed Combat
 + Level 2.7 Spellcasting
 + Level 2.9 Transmutations


You had 3 spell levels left.
You knew the following spells:

 Your Spells              Type           Power      Damage    Failure   Level
a - Beastly Appendage     Tmut           24%        N/A       5%          1
b - Wereblood             Tmut           12%        N/A       9%          2
c - Spider Form           Tmut/Pois      7%         N/A       30%         3

Your spell library contained the following spells:

 Spells                   Type           Power      Damage    Failure   Level
 Ice Form                 Ice/Tmut       7%         N/A       69%         4


Dungeon Overview and Level Annotations

Branches:
Dungeon (3/15)

Altars:

Shops:
D:3 *

Annotations:
D:3 Crazy Yiuf


Innate Abilities, Weirdness & Mutations

One of your tentacles has grown a beastly spike.
You cannot wear most types of armour.
You are amphibious.
You can wear up to eight rings at the same time.
Your skin changes colour to match your surroundings (Stealth+).
Your rubbery body absorbs attacks. (AC +1, EV +1)
((You are camouflaged when in or above water. (Stealth+)))
You have tentacles for arms and can constrict up to eight enemies at once.


Message History

You hit the fungus. You burn the fungus. You constrict the fungus.
A nearby fungus withers and dies.
You release your grip on the fungus.
A nearby fungus withers and dies.
You slash the fungus!
The fungus begins to die.
You burn the fungus. You grab the fungus.
The fungus is lightly damaged.
You hit the fungus.
The fungus begins to die.
You burn the fungus. You constrict the fungus. You slash the fungus!
You burn the fungus.
The fungus is lightly damaged.
You hit the fungus. You burn the fungus. You constrict the fungus.
A nearby fungus withers and dies.
You slash the fungus! You burn the fungus. You squeeze the fungus.
The fungus is moderately damaged.
You constrict the fungus.
A nearby fungus withers and dies.
You lose your grip on the fungus.
Found a hammer.
Found a runed translucent door.
Casting: Wereblood (safe; 9% risk of failure)
Confirm with . or Enter, or press ? or * to list all spells.
One of your tentacles grows a vicious spike.
Crazy Yiuf laughs, "Mountain!
Seed bag snail."
Casting: Beastly Appendage (safe; 5% risk of failure)
Confirm with . or Enter, or press ? or * to list all spells.
Your blood is infused with primal strength.
You open the door.
Crazy Yiuf says, "Gum!
Aardvark broken action."
You hit Crazy Yiuf. You burn Crazy Yiuf. Your grab misses Crazy Yiuf.
Crazy Yiuf is moderately wounded.
Crazy Yiuf hits you with a +2 quarterstaff of chaos!
Ouch! That really hurt!
You hit Crazy Yiuf. You burn Crazy Yiuf. You grab Crazy Yiuf.
You pierce Crazy Yiuf.
You squeeze Crazy Yiuf.
Crazy Yiuf is heavily wounded.
You constrict Crazy Yiuf.
Crazy Yiuf hits you with a +2 quarterstaff of chaos!
* * * LOW HITPOINT WARNING * * *
Crazy Yiuf freezes you.
* * * LOW HITPOINT WARNING * * *
Crazy Yiuf hits you with a +2 quarterstaff of chaos!
You die...

########.#........>..........
#..............####....##.###
#.#######....### #.......# #
##.### ###### ###.##..### #
#....# #........ #
#..####♣♣♣♣♣ ##.#..##. #
#..###.P.♣.♣♣♣ ### #.#..##. #
#..#....♣.♣..♣#...# #.#..##.
# #........♣♣♣♣@g...#
#.#..... # #....#..♣♣ ♣♣#..)#
#.#.###. # #.#####♣♣ ###
#.#.###. # #.# #.#..... # #.#
#....... # #.# ###
###########.#####. # #.# #.#
#.>.........# ##. #.# #.#
###########.# #.. #.# #.# #.#
#.#


You could see Crazy Yiuf.

Vanquished Creatures
  An orc priest (D:3)
  An orc wizard (D:3)
  2 adders
  6 orcs (D:3)
  9 endoplasms
  A giant cockroach (D:1)
  6 goblins
  2 hobgoblins
  4 jackals (D:2)
  3 quokkas
  A ball python (D:2)
  4 bats
  4 frilled lizards
  4 kobolds
  6 rats
54 creatures vanquished.

Vanquished Creatures (others)
  7 fungi
  4 plants (D:2)
11 creatures vanquished.

Grand Total: 65 creatures vanquished

Notes
Turn   | Place    | Note
-------+----------+-------------------------------------------
     0 | D:1      | croobank the Octopode Transmuter began the quest for the
                  | Orb.
     0 | D:1      | Reached XP level 1. HP: 13/13 MP: 3/3
   389 | D:1      | Reached XP level 2. HP: 13/18 MP: 3/5
   392 | D:1      | Learned a level 2 spell: Wereblood
  1073 | D:2      | Reached XP level 3. HP: 11/23 MP: 2/6
  1257 | D:2      | Found a faded altar of an unknown god.
  1286 | D:2      | Learned a level 3 spell: Spider Form
  2187 | D:3      | Reached XP level 4. HP: 24/29 MP: 5/7
  2368 | D:3      | Found Mutagetu's General Store.
  2379 | D:3      | Bought a scroll of enchant weapon for 97 gold pieces
  3031 | D:3      | Reached XP level 5. HP: 25/34 MP: 4/9
  3217 | D:3      | Found a runed translucent door.
  3218 | D:3      | Noticed Crazy Yiuf
  3225 | D:3      | Mangled by Crazy Yiuf

Illustrated notes

Levels and vault maps discovered:
D:1:      heliophobic_arrival_enchanted_forest, layout_basic
D:2:      layout_basic, shapermc_ecumenical_altar_mp_ritualfount, minivault_5,
          minmay_tromino_v4_a
D:3:      layout_loops_ring, serial_shops, nicolae_lakefront_shop,
          uniq_crazy_yiuf_cottage

Skill      XL: |  1  2  3  4 |
---------------+-------------+-----
Fighting       | 2 |  2.2
Dodging        | |  2.8
Unarmed Combat | |  3.7
Spellcasting   | |  2.7
Transmutations | |  2.9

Action                   |  1- 3 |  4- 6 || total
-------------------------+-------+-------++-------
Melee: Unarmed           |    53 |       ||    53
       Constrict         |    13 |     9 ||    22
       Kick              |    15 |     5 ||    20
       Tentacles         |    11 |     6 ||    17
       Punch             |     1 |     1 ||     2
       Hand axe          |     8 |    31 ||    39
 Cast: Beastly Appendage |    22 |     9 ||    31
       Wereblood         |     1 |     3 ||     4
  Use: Scroll            |     7 |     2 ||     9
       Potion            |     2 |       ||     2
 Stab: Sleeping          |     6 |     5 ||    11
Armor: Skin              |     2 |     2 ||     4
Dodge: Dodged            |    37 |     5 ||    42
